 Dungeon Crawl Stone Soup version 0.29.1-2-gbd0b4ee654 (webtiles) character file.

Game seed: 11099900268921339151

630 LustLizard the Skirmisher (level 7, 0/41 HPs)
             Began as a Deep Elf Hunter on Nov 9, 2022.
             Slain by an ogre
             ... wielding a +0 giant spiked club
              (13 damage)
             ... on level 6 of the Dungeon.
             The game lasted 00:06:00 (5481 turns).

LustLizard the Skirmisher (Deep Elf Hunter)         Turns: 5481, Time: 00:06:01

Health: 0/41       AC:  8    Str: 16    XL:     7   Next: 24%
Magic:  9/9        EV: 14    Int: 18    God:
Gold:   300        SH:  0    Dex: 28    Spells: 6/6 levels left

rFire   . . .      SeeInvis .   a - +0 shortbow
rCold   . . .      Faith    .   (shield currently unavailable)
rNeg    . . .      Spirit   .   y - +1 ring mail of Joy {rElec Int+4 Dex+4}
rPois   .          Reflect  .   (no helmet)
rElec   +          Harm     .   o - +0 cloak
rCorr   .          Rampage  .   h - +0 pair of gloves
Will    .....                   (no boots)
Stlth   +++.......              (no amulet)
HPRegen 0.13/turn               e - +6 ring of dexterity
MPRegen 0.11/turn               v - +6 ring of strength

@: no status effects
A: no striking features
a: no special abilities


You were on level 6 of the Dungeon.
You visited 1 branch of the dungeon, and saw 6 of its levels.

You collected 300 gold pieces.

Inventory:

Hand Weapons
 a - a +0 shortbow (weapon)
Missiles
 l - 4 poisoned darts
Armour
 c - a +0 leather armour
 h - a +0 pair of gloves (worn)
 o - a +0 cloak (worn)
 s - a +0 ring mail
 y - the +1 ring mail of Joy (worn) {rElec Int+4 Dex+4}
   (You found it on level 4 of the Dungeon)

   Int:       It affects your intelligence (+4).
   Dex:       It affects your dexterity (+4).
   rElec:     It insulates you from electricity.
Jewellery
 e - a +6 ring of dexterity (left hand)
 p - an amulet of faith
 v - a +6 ring of strength (right hand)
 x - a ring of protection from cold
 z - a ring of positive energy
Wands
 w - a wand of quicksilver (6)
Scrolls
 b - a scroll of immolation
 f - 4 scrolls of teleportation
 g - 2 scrolls of magic mapping {unknown}
 j - 2 scrolls of amnesia {unknown}
 k - a scroll of blinking {unknown}
 r - 2 scrolls of noise {unknown}
 t - 3 scrolls of enchant weapon {unknown}
 A - a scroll of acquirement {unknown}
 B - a scroll of summoning {unknown}
 C - a scroll of identify
 D - 2 scrolls of fog {unknown}
Potions
 d - 2 potions of lignification
 i - 4 potions of curing
 m - a potion of attraction
 n - a potion of berserk rage
 q - a potion of ambrosia {unknown}
 u - 2 potions of mutation {unknown}


   Skills:
 + Level 3.1 Fighting
 * Level 8.1 Ranged Weapons
 + Level 4.5 Dodging
 + Level 4.3 Stealth
 + Level 2.6 Evocations


You had 6 spell levels left.
You didn't know any spells.
Your spell library contained the following spells:

 Spells                   Type           Power      Damage    Failure   Level
 Magic Dart               Conj           0%         1d3       38%         1
 Summon Small Mammal      Summ           0%         N/A       38%         1
 Searing Ray              Conj           0%         2d4       54%         2
 Call Canine Familiar     Summ           0%         N/A       77%         3
 Gell's Gravitas          Tloc           0%         N/A       77%         3
 Lesser Beckoning         Tloc           0%         N/A       77%         3
 Summon Guardian Golem    Hex/Summ       0%         N/A       77%         3
 Teleport Other           Tloc           0%         N/A       77%         3
 Fulminant Prism          Conj/Hex       0%         3d6       99%         4


Dungeon Overview and Level Annotations

Branches:
Dungeon (6/15)
 Temple: D:4-7

Altars:
Vehumet
Xom
The Shining One

Annotations:
D:3 exclusion: water moccasin
D:4 3 runed translucent doors, silentkaos13's ghost, amateur GnWn
D:5 exclusion: water moccasin


Message History

The jelly quivers.
A jelly is nearby!
You shoot an arrow. The arrow hits the jelly.
The jelly is moderately wounded.
You shoot an arrow. The arrow hits the jelly!
You kill the jelly!
No target in view!
No target in view!
Found a stone staircase leading down.
No target in view!
No target in view!
An ogre comes into view. It is wielding a +0 giant spiked club.
An ogre is nearby!
You shoot an arrow.
The arrow hits the ogre but does no damage.
The ogre shouts!
You shoot an arrow. The arrow barely misses the ogre.
You shoot an arrow. The arrow hits the ogre.
The ogre is lightly wounded.
The ogre hits you with a +0 giant spiked club!
You shoot an arrow. The arrow closely misses the ogre.
The ogre barely misses you.
You shoot an arrow. The arrow hits the ogre.
The ogre is lightly wounded.
The ogre barely misses you.
You shoot an arrow. The arrow closely misses the ogre.
The ogre misses you.
You shoot an arrow. The arrow hits the ogre.
The ogre is lightly wounded.
You shoot an arrow. The arrow hits the ogre.
The ogre is moderately wounded.
The ogre hits you with a +0 giant spiked club!
You are too injured to fight recklessly!
You are too injured to fight recklessly!
Fire: a) +0 shortbow
Press: ? - help, Q - select action, (/) - cycle Shift-Dir - straight line, f/p - ogre
Aim: an ogre, wielding a +0 giant spiked club (moderately wounded, 81% to hit)
You shoot an arrow. The arrow hits the ogre.
The ogre is moderately wounded.
The ogre hits you with a +0 giant spiked club!
You die...

###### ....#
#.#.# ###.#.#
#.....#
###@###.#
......O.# #.#
.####.#.###.#
#.#.....# #
###.### #.
#.#
.####.###.#
.....>....#
#######.###


You could see an ogre.

Vanquished Creatures
  An ice beast (D:5)
  An ogre (D:5)
  A scorpion (D:5)
  4 jellies
  A hound (D:5)
  An orc priest (D:5)
  A gnoll bouda (D:5)
  An iguana (D:5)
  4 gnolls (D:5)
  3 adders (D:4)
  An ufetubus (D:4)
  5 worms
  3 dart slugs
  6 orcs
  3 bats
  6 endoplasms
  2 giant cockroaches
  5 goblins
  4 hobgoblins
  7 jackals (D:2)
  3 quokkas
  2 ball pythons
  4 frilled lizards
  6 kobolds
  A rat (D:1)
76 creatures vanquished.

Notes
Turn   | Place    | Note
-------+----------+-------------------------------------------
     0 | D:1      | LustLizard the Deep Elf Hunter began the quest for the Orb.
     0 | D:1      | Reached XP level 1. HP: 12/12 MP: 3/3
   400 | D:1      | Reached XP level 2. HP: 17/17 MP: 4/4
   496 | D:1      | Found a faded altar of an unknown god.
   862 | D:2      | Reached XP level 3. HP: 9/21 MP: 5/5
  1149 | D:2      | Found a glowing golden altar of the Shining One.
  1303 | D:2      | Reached skill level 6 in Ranged Weapons
  2436 | D:3      | Noticed a water moccasin
  2971 | D:4      | Reached XP level 4. HP: 26/26 MP: 6/6
  3147 | D:4      | Identified the +1 ring mail of Joy {rElec Int+4 Dex+4}
  3188 | D:4      | Noticed an orc warrior
  3196 | D:4      | Noticed silentkaos13's ghost (amateur GnWn)
  3389 | D:4      | Found a runed translucent gate.
  3389 | D:4      | Found a runed translucent gate.
  3389 | D:4      | Found a runed translucent gate.
  3843 | D:5      | Entered Level 5 of the Dungeon
  3843 | D:5      | Noticed an ice beast
  3904 | D:5      | Reached skill level 1 in Evocations
  3904 | D:5      | Reached XP level 5. HP: 31/31 MP: 7/7
  4080 | D:5      | Found a radiant altar of Vehumet.
  4086 | D:5      | Reached skill level 7 in Ranged Weapons
  4226 | D:5      | Reached XP level 6. HP: 36/36 MP: 8/8
  4319 | D:5      | Noticed a water moccasin
  4389 | D:5      | Found a shimmering altar of Xom.
  5005 | D:5      | Killed an ice beast
  5006 | D:5      | Reached XP level 7. HP: 22/41 MP: 9/9
  5164 | D:5      | Reached skill level 8 in Ranged Weapons
  5481 | D:6      | Slain by an ogre

Illustrated notes

Levels and vault maps discovered:
D:1:      dpeg_arrival_pond, layout_rooms, shapermc_ecumenical_altar_pompeii,
          roderic_lattice_a
D:2:      layout_basic, basic_altar, chequers_serial_rivers_small_3,
          serial_park_tiny_pond
D:3:      layout_basic
D:4:      layout_loops_corners, gammafunk_ghost_split, minmay_fractal_squares_5
D:5:      layout_basic, kennysheep_little_box, general_overflow_altar
D:6:      layout_loops_ring, gammafunk_temple_overflow_arena, uniq_pikel

Skill      XL: |  1  2  3  4  5  6  7 |
---------------+----------------------+-----
Stealth        | 2 3 4 |  4.3
Fighting       | 2 3 |  3.1
Ranged Weapons | 6 7 8 |  8.1
Dodging        | 3 4 |  4.5
Evocations     | 1 2 |  2.6

Action                   |  1- 3 |  4- 6 |  7- 9 || total
-------------------------+-------+-------+-------++-------
 Fire: Shortbow          |   105 |   113 |    17 ||   235
  Use: Scroll            |     4 |     1 |       ||     5
Armor: Ring mail         |     2 |    17 |       ||    19
Dodge: Dodged            |    11 |    26 |     3 ||    40
